DRAKE
SAN JUAN MUSIC @ HOT SPRINGS GATORS
06/26/2059
 
TOP OF THE 1ST
San Juan Music batting - Pitching for Hot Springs Gators : RHP Reynaldo Sánchez
Pitching: RHP Reynaldo Sánchez
Batting: RHB António Gómez 0-0: Fly out, F9 (Flyball, 9LD, EV 111.3 MPH)
Batting: LHB Aurelio García 0-0: Ball
1-0: Called Strike
1-1: Foul Ball, location: 3F
1-2: Ball
2-2: Strikes out swinging
Batting: RHB Jorge Dodd 0-0: Called Strike
0-1: Foul Ball, location: 25FF
0-2: Ball
1-2: Foul Ball, location: 7LDF
1-2: Ball
2-2: Fly out, F6 (Popup, 56, EV 68.8 MPH)
Top of the 1st over - 0 runs, 0 hits, 0 errors, 0 left on base; San Juan 0 - Hot Springs 0
BOTTOM OF THE 1ST
Hot Springs Gators batting - Pitching for San Juan Music : RHP Jorge Cavazos
Pitching: RHP Jorge Cavazos
Batting: RHB Neal Johnston 0-0: Swinging Strike
0-1: Ground out 4-3 (Groundball, 4, EV 85.6 MPH)
Batting: RHB Perry Taylor 0-0: Called Strike
0-1: Foul Ball, location: 9LMF
0-2: Ball
1-2: Foul Ball, location: 5F
1-2: Foul Ball, location: 2F
1-2: Ball
2-2: Ball
3-2: Ground out 3-1 (Groundball, 13, EV 87.5 MPH)
Batting: LHB Alika Tai 0-0: Called Strike
0-1: Ball
1-1: Ball
2-1: Called Strike
2-2: Strikes out swinging
Bottom of the 1st over - 0 runs, 0 hits, 0 errors, 0 left on base; San Juan 0 - Hot Springs 0
TOP OF THE 2ND
San Juan Music batting - Pitching for Hot Springs Gators : RHP Reynaldo Sánchez
Batting: RHB Javier Orozco 0-0: Called Strike
0-1: Foul Ball, location: 3DF
0-2: Ball
1-2: Foul Ball, location: 9LDF
1-2: Ball
2-2: Ball
3-2: Base on Balls
Batting: SHB Lesmana Subagja 0-0: Ball
Javier Orozco steals 2nd base
1-0: Called Strike
1-1: Foul Ball, location: 9LDF
1-2: SINGLE (Groundball, 4D, EV 102.5 MPH)
Javier Orozco to third
Batting: RHB Karsten Marsolais 0-0: Called Strike
0-1: Ball
1-1: Foul Ball, location: 2RF
1-2: Foul Ball, location: 9LDF
1-2: Foul Ball, location: 2F
1-2: DOUBLE (Flyball, 8RXD, EV 110.0 MPH)
Javier Orozco scores
Lesmana Subagja to third
Batting: RHB Júlio González 0-0: Ball
1-0: Ball
2-0: Called Strike
2-1: Swinging Strike
2-2: Foul Ball, location: 2F
2-2: Strikes out swinging
Batting: RHB José Nieto 0-0: Ball
1-0: Called Strike
1-1: Ball
2-1: Ball
3-1: Base on Balls
Batting: RHB Bob Miller 0-0: Swinging Strike
0-1: Swinging Strike
0-2: Strikes out looking
Batting: RHB António Gómez 0-0: Ball
1-0: Fly out, F8 (Flyball, 8RD, EV 101.3 MPH)
Top of the 2nd over - 1 run, 2 hits, 0 errors, 3 left on base; San Juan 1 - Hot Springs 0
BOTTOM OF THE 2ND
Hot Springs Gators batting - Pitching for San Juan Music : RHP Jorge Cavazos
Batting: RHB Mezian Mtembei 0-0: Called Strike
0-1: Ball
1-1: Called Strike
1-2: Strikes out swinging
Batting: RHB Juan Jose Zambrano 0-0: Foul Ball, location: 5FF
0-1: Swinging Strike
0-2: Strikes out swinging
Batting: RHB Bastiaan Lalas 0-0: Called Strike
0-1: Foul Ball, location: 3DF
0-2: Ball
1-2: Foul Ball, location: 25FF
1-2: Strikes out looking
Bottom of the 2nd over - 0 runs, 0 hits, 0 errors, 0 left on base; San Juan 1 - Hot Springs 0
TOP OF THE 3RD
San Juan Music batting - Pitching for Hot Springs Gators : RHP Reynaldo Sánchez
Batting: LHB Aurelio García 0-0: Ball
1-0: Fly out, F6 (Popup, 6M, EV 73.8 MPH)
Batting: RHB Jorge Dodd 0-0: Called Strike
0-1: Foul Ball, location: 23F
0-2: Ground out 5-3 (Groundball, 56, EV 90.0 MPH)
Batting: RHB Javier Orozco 0-0: Called Strike
0-1: Ball
1-1: Foul Ball, location: 25FF
1-2: Ball
2-2: DOUBLE (Line Drive, 9LS, EV 111.3 MPH)
Batting: SHB Lesmana Subagja 0-0: Called Strike
0-1: Swinging Strike
0-2: Strikes out looking
Top of the 3rd over - 0 runs, 1 hit, 0 errors, 1 left on base; San Juan 1 - Hot Springs 0
BOTTOM OF THE 3RD
Hot Springs Gators batting - Pitching for San Juan Music : RHP Jorge Cavazos
Batting: RHB Rusty Winslow 0-0: Ball
1-0: Called Strike
1-1: Fly out, F9 (Flyball, 9LM, EV 86.3 MPH)
Batting: RHB Zahid bin Farooq 0-0: Foul Ball, location: 9LDF
0-1: Foul Ball, location: 2F
0-2: Foul Ball, location: 9LSF
0-2: Strikes out looking
Batting: RHB Rick Ruzic 0-0: Ball
1-0: Called Strike
1-1: Foul Ball, location: 2F
1-2: Ball
2-2: Ball
3-2: Strikes out swinging
Bottom of the 3rd over - 0 runs, 0 hits, 0 errors, 0 left on base; San Juan 1 - Hot Springs 0
TOP OF THE 4TH
San Juan Music batting - Pitching for Hot Springs Gators : RHP Reynaldo Sánchez
Batting: RHB Karsten Marsolais 0-0: Ball
1-0: Called Strike
1-1: Called Strike
1-2: Fly out, F7 (Flyball, 78M, EV 90.6 MPH)
Batting: RHB Júlio González 0-0: Ball
1-0: Ball
2-0: Foul Ball, location: 9LMF
2-1: SINGLE (Groundball, 34D, EV 98.8 MPH)
Batting: RHB José Nieto 0-0: Ball
1-0: Ball
2-0: Fly out, F7 (Flyball, 78D, EV 83.1 MPH)
Batting: RHB Bob Miller 0-0: Ball
1-0: Called Strike
1-1: Called Strike
1-2: Foul Ball, location: 2LF
1-2: Strikes out swinging
Top of the 4th over - 0 runs, 1 hit, 0 errors, 1 left on base; San Juan 1 - Hot Springs 0
BOTTOM OF THE 4TH
Hot Springs Gators batting - Pitching for San Juan Music : RHP Jorge Cavazos
Batting: RHB Neal Johnston 0-0: Ball
1-0: Foul Ball, location: 2F
1-1: Fly out, F6 (Line Drive, 6, EV 64.4 MPH)
Batting: RHB Perry Taylor 0-0: Ball
1-0: Ball
2-0: Ball
3-0: Called Strike
3-1: Base on Balls
Batting: LHB Alika Tai 0-0: Called Strike
0-1: Fly out, F8 (Line Drive, 8LM, EV 85.0 MPH)
Batting: RHB Mezian Mtembei 0-0: Ball
1-0: Called Strike
1-1: Hit by Pitch
Perry Taylor to second
Batting: RHB Juan Jose Zambrano 0-0: SINGLE (Groundball, 6MD, EV 106.9 MPH)
Perry Taylor to third
Mezian Mtembei to second
Batting: RHB Bastiaan Lalas 0-0: Ball
1-0: Ball
2-0: Foul Ball, location: 3FF
2-1: Foul Ball, location: 9LMF
2-2: Ball
3-2: Strikes out looking
Bottom of the 4th over - 0 runs, 1 hit, 0 errors, 3 left on base; San Juan 1 - Hot Springs 0
TOP OF THE 5TH
San Juan Music batting - Pitching for Hot Springs Gators : RHP Reynaldo Sánchez
Batting: RHB António Gómez 0-0: Called Strike
0-1: Fly out, F8 (Line Drive, 8LM, EV 92.5 MPH)
Batting: LHB Aurelio García 0-0: Ball
1-0: Swinging Strike
1-1: Swinging Strike
1-2: Ball
2-2: Ground out 4-3 (Groundball, 4, EV 107.5 MPH)
Batting: RHB Jorge Dodd 0-0: SINGLE (Line Drive, 78M, EV 100.6 MPH)
Batting: RHB Javier Orozco 0-0: Ball
1-0: Called Strike
1-1: Swinging Strike
1-2: Ball
2-2: Ball
3-2: Strikes out swinging
Top of the 5th over - 0 runs, 1 hit, 0 errors, 1 left on base; San Juan 1 - Hot Springs 0
BOTTOM OF THE 5TH
Hot Springs Gators batting - Pitching for San Juan Music : RHP Jorge Cavazos
Batting: RHB Rusty Winslow 0-0: Ball
1-0: Ball
2-0: DOUBLE (Groundball, 5L, EV 108.8 MPH)
Batting: RHB Zahid bin Farooq 0-0: Fly out, F9 (Line Drive, 9, EV 91.9 MPH)
Batting: RHB Rick Ruzic 0-0: Ball
1-0: Fly out, F2 (Popup, 2RF, EV 94.4 MPH)
Batting: RHB Neal Johnston 0-0: Ground out 5-3 (Groundball, 56S, EV 69.4 MPH)
Bottom of the 5th over - 0 runs, 1 hit, 0 errors, 1 left on base; San Juan 1 - Hot Springs 0
TOP OF THE 6TH
San Juan Music batting - Pitching for Hot Springs Gators : RHP Reynaldo Sánchez
Batting: SHB Lesmana Subagja 0-0: Ball
1-0: Foul Ball, location: 7LDF
1-1: Ball
2-1: Called Strike
2-2: Foul Ball, location: 2RF
2-2: Foul Ball, location: 2F
2-2: SINGLE (Line Drive, 89S, EV 93.1 MPH)
Pitching: RHP R.J. Burr
Batting: RHB Karsten Marsolais 0-0: Ball
1-0: Ball
2-0: Foul Ball, location: 9LSF
2-1: SINGLE (Groundball, 34D, EV 96.9 MPH)
Lesmana Subagja to second
Batting: RHB Júlio González 0-0: Ball
1-0: Ball
2-0: Foul Ball, location: 2F
2-1: Swinging Strike
2-2: Strikes out swinging
Batting: RHB José Nieto 0-0: Ball
1-0: Ball
2-0: Fly out, F7 (Flyball, 7S, EV 90.6 MPH)
Batting: RHB Bob Miller 0-0: Called Strike
0-1: Ball
1-1: Swinging Strike
1-2: Strikes out swinging
Top of the 6th over - 0 runs, 2 hits, 0 errors, 2 left on base; San Juan 1 - Hot Springs 0
BOTTOM OF THE 6TH
Hot Springs Gators batting - Pitching for San Juan Music : RHP Jorge Cavazos
Batting: RHB Perry Taylor 0-0: SINGLE (Flyball, 5D, EV 88.1 MPH)
Batting: LHB Alika Tai 0-0: Called Strike
0-1: Called Strike
Perry Taylor steals 2nd base
0-2: Ball
1-2: TRIPLE (Line Drive, 7D, EV 111.3 MPH)
Perry Taylor scores
Batting: RHB Mezian Mtembei 0-0: SINGLE (Line Drive, 7S, EV 100.6 MPH)
Alika Tai scores
Batting: RHB Juan Jose Zambrano 0-0: Foul Ball, location: 3F
0-1: Fly out, F6 (Flyball, 6D, EV 93.1 MPH)
Batting: RHB Bastiaan Lalas 0-0: Ball
1-0: Called Strike
1-1: Ball
2-1: SINGLE (Line Drive, 89S, EV 98.1 MPH)
Mezian Mtembei to second
Batting: RHB Rusty Winslow 0-0: Ball
1-0: Ball
2-0: Ball
3-0: Foul Ball, location: 3SF
3-1: Swinging Strike
3-2: Foul Ball, location: 9LSF
3-2: Foul Ball, location: 9LSFF
3-2: Base on Balls
Mezian Mtembei to third
Bastiaan Lalas to second
Pitching: RHP Eugene Belesis
Batting: RHB Zahid bin Farooq 0-0: Ball
1-0: Called Strike
1-1: Grounds into double play, 6-2-3 (Groundball, 6, EV 78.8 MPH)
Bottom of the 6th over - 2 runs, 4 hits, 0 errors, 2 left on base; San Juan 1 - Hot Springs 2
TOP OF THE 7TH
San Juan Music batting - Pitching for Hot Springs Gators : RHP R.J. Burr
Pinch Hitting: LHB Vern Kelly 0-0: Ball
1-0: DOUBLE (Flyball, 9LM, EV 106.9 MPH)
Batting: LHB John Love 0-0: Called Strike
0-1: 2-RUN HOME RUN (Flyball, 9D, EV 95.0 MPH), Distance : 374 ft
Batting: RHB Jorge Dodd 0-0: Ball
1-0: Ball
2-0: Ball
3-0: Called Strike
3-1: Base on Balls
Batting: RHB Javier Orozco 0-0: Ball
1-0: Ball
Wild Pitch!
Jorge Dodd to second
2-0: Ground out 4-3 (Groundball, 4, EV 85.6 MPH)
Jorge Dodd to third
Batting: SHB Lesmana Subagja 0-0: Ball
1-0: Ball
2-0: Ball
3-0: Base on Balls
Pitching: RHP Tim Stops
Batting: RHB Karsten Marsolais 0-0: Swinging Strike
0-1: Swinging Strike
0-2: Ball
1-2: Foul Ball, location: 9LDF
1-2: Ball
2-2: Foul Ball, location: 9LSFF
2-2: Foul Ball, location: 2F
2-2: Strikes out swinging
Batting: RHB Júlio González 0-0: Foul Ball, location: 25FF
0-1: Swinging Strike
0-2: Strikes out looking
Top of the 7th over - 2 runs, 2 hits, 0 errors, 2 left on base; San Juan 3 - Hot Springs 2
BOTTOM OF THE 7TH
Hot Springs Gators batting - Pitching for San Juan Music : RHP Eugene Belesis
Now at 1B: Abdul Latif Qadir
Batting: RHB Rick Ruzic 0-0: Ball
1-0: Ball
2-0: Foul Ball, location: 9LSF
2-1: Foul Ball, location: 5SF
2-2: SINGLE (Line Drive, 78S, EV 93.1 MPH)
Pinch Hitting: LHB Luis Gómez 0-0: Ball
1-0: Foul Ball, location: 3SF
1-1: Swinging Strike
1-2: Strikes out looking
Batting: RHB Perry Taylor 0-0: Ball
1-0: Called Strike
Rick Ruzic steals 2nd base
1-1: Foul Ball, location: 3DF
1-2: Foul Ball, location: 2F
1-2: Ball
2-2: Foul Ball, location: 9LSF
2-2: Ball
3-2: DOUBLE (Flyball, 78D, EV 96.9 MPH)
Rick Ruzic scores
Pitching: LHP Héctor Román
Pinch Hitting: RHB Jim Laybolt 0-0: Swinging Strike
0-1: Ball
1-1: Foul Ball, location: 2F
1-2: Foul Ball, location: 2F
1-2: Ground out 6-3 (Groundball, 56, EV 86.3 MPH)
Batting: RHB Mezian Mtembei 0-0: Called Strike
0-1: SINGLE (Groundball, 4D, EV 107.5 MPH)
Perry Taylor to third
Batting: RHB Juan Jose Zambrano 0-0: Ball
1-0: Ground out 4-3 (Groundball, 4, EV 81.3 MPH)
Bottom of the 7th over - 1 run, 3 hits, 0 errors, 2 left on base; San Juan 3 - Hot Springs 3
TOP OF THE 8TH
San Juan Music batting - Pitching for Hot Springs Gators : RHP Tim Stops
Now at 3B: Tony Montaño
Now in CF: Jim Laybolt
Pinch Hitting: LHB Rodrigo Maldonado 0-0: Foul Ball, location: 2F
0-1: Ball
1-1: Ball
2-1: Called Strike
2-2: Ground out 6-3 (Groundball, 6, EV 87.5 MPH)
Batting: RHB Bob Miller 0-0: Called Strike
0-1: Called Strike
0-2: Ball
1-2: Ball
2-2: Strikes out swinging
Batting: SHB Abdul Latif Qadir 0-0: Ball
1-0: Swinging Strike
1-1: Swinging Strike
1-2: Fly out, F8 (Flyball, 8LM, EV 93.1 MPH)
Top of the 8th over - 0 runs, 0 hits, 0 errors, 0 left on base; San Juan 3 - Hot Springs 3
BOTTOM OF THE 8TH
Hot Springs Gators batting - Pitching for San Juan Music : LHP Héctor Román
Now at C: Edgardo Wyatt
Batting: RHB Bastiaan Lalas 0-0: Ball
1-0: Ball
2-0: SINGLE (Line Drive, 7S, EV 101.3 MPH)
Batting: RHB Rusty Winslow 0-0: Ball
1-0: Called Strike
1-1: Called Strike
1-2: Foul Ball, location: 2F
1-2: Ball
2-2: Foul Ball, location: 2F
2-2: Ball
3-2: SINGLE (Line Drive, 3D, EV 94.4 MPH)
Bastiaan Lalas to second
Pinch Runner at 2nd Natrajan Gargeya:
Pinch Hitting: SHB Mario Mesa 0-0: Ball
1-0: Foul Ball, location: 9LDF
1-1: SINGLE (Groundball, 34D, EV 103.8 MPH)
Natrajan Gargeya to third
Rusty Winslow to second
Pitching: RHP Jacinto Gallegos
Batting: RHB Rick Ruzic 0-0: Called Strike
0-1: Ball
1-1: Swinging Strike
1-2: Strikes out looking
Batting: RHB Tony Montaño 0-0: Ball
1-0: Foul Ball, location: 2F
1-1: Foul Ball, location: 9LDF
1-2: SINGLE (Line Drive, 8RS, EV 91.3 MPH)
Natrajan Gargeya scores
Rusty Winslow to third
Mario Mesa to second
Batting: RHB Perry Taylor 0-0: Swinging Strike
0-1: SINGLE (Line Drive, 56D, EV 93.8 MPH)
Rusty Winslow scores
Mario Mesa to third
Tony Montaño to second
Batting: RHB Jim Laybolt 0-0: Foul Ball, location: 5FF
0-1: Foul Ball, location: 2F
0-2: Strikes out looking
Batting: RHB Mezian Mtembei 0-0: Called Strike
0-1: Swinging Strike
0-2: Ball
1-2: Strikes out swinging
Bottom of the 8th over - 2 runs, 5 hits, 0 errors, 3 left on base; San Juan 3 - Hot Springs 5
TOP OF THE 9TH
San Juan Music batting - Pitching for Hot Springs Gators : RHP Tim Stops
Pitching: LHP José Díaz
Now at 1B: Mario Mesa
Now at 2B: Dario Corrazzari
Now in LF: Jim Laybolt
Now in CF: Cintamukta Munish
Batting: LHB John Love 0-0: Swinging Strike
0-1: Ball
1-1: Ball
2-1: Ground out 4-3 (Groundball, 4, EV 86.3 MPH)
Batting: RHB Jorge Dodd 0-0: Ball
1-0: Called Strike
1-1: Foul Ball, location: 9LDF
1-2: Ball
2-2: Foul Ball, location: 2F
2-2: Strikes out swinging
Batting: RHB Javier Orozco 0-0: Ball
1-0: Ball
2-0: Ball
3-0: Called Strike
3-1: Ground out 6-3 (Groundball, 6, EV 83.1 MPH)
Top of the 9th over - 0 runs, 0 hits, 0 errors, 0 left on base; San Juan 3 - Hot Springs 5
Thursday, June 6th , 2024 - OOTP Baseball 25.5 Build 67